 Dungeon Crawl Stone Soup version 0.29.1-2-gbd0b4ee654 (webtiles) character file.

Game seed: 15514255877633730351

1423 DildoBatman the Magician (level 9, -8/65 HPs)
             Began as a Formicid Conjurer on Nov 10, 2022.
             Shot with an arrow by a centaur (18 damage)
             ... on level 6 of the Dungeon.
             The game lasted 00:11:41 (5079 turns).

DildoBatman the Magician (Formicid Conjurer)        Turns: 5079, Time: 00:11:41

Health: -8/65      AC:  5    Str: 12    XL:     9   Next: 2%
Magic:  6/19       EV: 13    Int: 18    God:
Gold:   272        SH:  0    Dex: 16    Spells: 19/22 levels left

rFire   + . .      SeeInvis +   b - +0 quarterstaff
rCold   x . .      Faith    .   (no shield)
rNeg    . . .      Spirit   .   B - +0 steam dragon scales
rPois   +          Reflect  .   (helmet unavailable)
rElec   .          Harm     +   s - scarf {harm}
rCorr   .          Rampage  .   (no gloves)
Will    .....                   (no boots)
Stlth   ++........              (no amulet)
HPRegen 0.20/turn               t - ring of fire
MPRegen 0.16/turn               f - ring of poison resistance

@: no status effects
A: permanent stasis, dig shafts and tunnels, antennae 3, four strong arms
a: Dig, Shaft Self


You were on level 6 of the Dungeon.
You visited 1 branch of the dungeon, and saw 6 of its levels.

You collected 272 gold pieces.

Inventory:

Hand Weapons
 a - a +0 sling
 b - a +0 quarterstaff (weapon)
 c - a +0 longbow
 d - a +2 antimagic dagger
Missiles
 h - 43 stones
 j - 6 datura-tipped darts
 q - 4 poisoned darts (quivered)
Armour
 s - a scarf of harm (worn)
 A - a +1 leather armour of fire resistance
 B - +0 steam dragon scales (worn)
Jewellery
 f - a ring of poison resistance (right hand)
 i - a ring of flight
 t - a ring of fire (left hand)
Wands
 w - a wand of paralysis (11)
 x - a wand of flame (13)
Scrolls
 u - a scroll of enchant armour
 y - 2 scrolls of amnesia
 z - 3 scrolls of identify
Potions
 e - a potion of mutation {unknown}
 g - 3 potions of might {unknown}
 k - a potion of magic
 l - a potion of attraction {unknown}
 m - 2 potions of resistance
 n - 2 potions of curing
 o - a potion of ambrosia {unknown}
 p - a potion of haste {unknown}
 r - a potion of degeneration {unknown}
 v - a potion of flight {unknown}


   Skills:
 * Level 4.0 Fighting
 * Level 4.0 Armour
 - Level 3.0 Dodging
 - Level 2.4 Stealth
 - Level 7.0 Spellcasting
 - Level 6.0 Conjurations


You had 19 spell levels left.
You knew the following spells:

 Your Spells              Type           Power      Damage    Failure   Level
a - Searing Ray           Conj           54%        2d6       1%          2
c - Magic Dart            Conj           100%       1d8       1%          1

Your spell library contained the following spells:

 Spells                   Type           Power      Damage    Failure   Level
 Dazzling Flash           Conj/Hex       34%        N/A       10%         3
 Beastly Appendage        Tmut           12%        N/A       11%         1
 Wereblood                Tmut           6%         N/A       16%         2
 Fulminant Prism          Conj/Hex       8%         3d7       30%         4
 Iskenderun's Mystic Bla  Conj/Tloc      17%        2d5       30%         4
 Spider Form              Tmut/Pois      6%         N/A       32%         3


Dungeon Overview and Level Annotations

Branches:
Dungeon (6/15)
 Temple: D:4-7

Altars:
Vehumet

Annotations:
D:2 1 runed translucent door, Crazy Yiuf
D:4 Grinder, Ijyb
D:5 Eustachio


Innate Abilities, Weirdness & Mutations

You cannot be hasted, slowed, berserked, paralysed or teleported.
You can dig through walls and to a lower floor.
You have a pair of large antennae on your head. (SInv)
Your four strong arms can wield two-handed weapons with a shield.


Message History

The ogre closely misses you.
A centaur comes into view.
Casting: Searing Ray (safe; 1% risk of failure)
Confirm with . or Enter, or press ? or * to list all spells.
Aiming: Searing Ray (safe; 1% risk of failure)
Press: ? - help, Shift-Dir - straight line, f - ogre
Aim: an ogre, wielding a +0 giant spiked club (90% to hit)
The searing ray hits the ogre.
The ogre is moderately wounded. (Press . to maintain the ray.)
The centaur shouts!
The searing ray hits the ogre!
The ogre is severely wounded.
The ogre misses you.
The searing ray hits the ogre.
The ogre is almost dead.
The searing ray misses the centaur.
The ogre hits you with a +0 giant spiked club!!
Ouch! That really hurt!
The searing ray hits the ogre.
You kill the ogre!
The searing ray hits the centaur!
The centaur is heavily wounded.
You finish channelling your searing ray.
The centaur wields a +0 shortbow.
The centaur shoots an arrow.
The arrow barely misses you.
The centaur shoots an arrow.
The arrow hits you.
Training target 3.0 for Dodging reached!
Your Fighting skill increases to level 4!
Your Armour skill increases to level 4!
Your Dodging skill increases to level 3!
You have reached level 9!
Your experience leads to an increase in your attributes!
Increase (s)trength, (i)ntelligence, or (d)exterity?
You feel agile. x2
The centaur shoots an arrow.
The arrow hits you!
You die...

......## ##)..#
........## ##...##
#........####...##
#.........##...##
......#$......##
#.....#......##
#.........))##
...........#.#
.......@....##
.............#
.....c...##.....
..........####..
........##. ###
.......## ##
....... ....#..


You could see a centaur.

Vanquished Creatures
  A steam dragon (D:6)
  2 black bears
  An ogre (D:6)
  A phantom (D:4)
  4 scorpions
  A necrophage (D:4)
  A howler monkey (D:5)
  2 hounds (D:4)
  5 orc priests
  3 jellies
  2 iguanas
  2 orc wizards
  7 gnolls
  7 adders
  An ufetubus (D:3)
  13 orcs
  8 ball pythons
  7 endoplasms
  2 giant cockroaches
  2 goblins (D:2)
  4 hobgoblins
  5 kobolds
  8 quokkas
  5 bats
  4 frilled lizards
  7 rats
105 creatures vanquished.

Vanquished Creatures (others)
  A plant (D:1)
1 creature vanquished.

Grand Total: 106 creatures vanquished

Notes
Turn   | Place    | Note
-------+----------+-------------------------------------------
     0 | D:1      | DildoBatman the Formicid Conjurer began the quest for the
                  | Orb.
     0 | D:1      | Reached XP level 1. HP: 13/13 MP: 3/3
    84 | D:1      | Found a faded altar of an unknown god.
   190 | D:1      | Reached XP level 2. HP: 19/19 MP: 3/5
   193 | D:1      | Learned a level 2 spell: Searing Ray
   797 | D:1      | Reached XP level 3. HP: 24/24 MP: 3/6
  1175 | D:2      | Reached XP level 4. HP: 30/30 MP: 3/7
  1521 | D:2      | Reached skill level 5 in Conjurations
  1618 | D:2      | Found a runed translucent door.
  1619 | D:2      | Noticed Crazy Yiuf
  2398 | D:4      | Reached XP level 5. HP: 35/35 MP: 2/8
  2561 | D:4      | Reached skill level 1 in Fighting
  2561 | D:4      | Reached skill level 1 in Armour
  2561 | D:4      | Reached XP level 6. HP: 27/43 MP: 0/9
  2640 | D:4      | Noticed Grinder
  2762 | D:4      | Noticed Ijyb
  3022 | D:4      | Reached skill level 3 in Spellcasting
  3138 | D:4      | Reached XP level 7. HP: 50/50 MP: 7/11
  3163 | D:4      | Found a radiant altar of Vehumet.
  3500 | D:4      | Reached skill level 4 in Spellcasting
  3741 | D:5      | Entered Level 5 of the Dungeon
  3862 | D:5      | Reached skill level 5 in Spellcasting
  3862 | D:5      | Reached XP level 8. HP: 58/58 MP: 8/15
  4082 | D:5      | Reached skill level 6 in Spellcasting
  4146 | D:5      | Noticed Eustachio
  4840 | D:6      | Reached skill level 7 in Spellcasting
  5079 | D:6      | Reached XP level 9. HP: 10/65 MP: 6/19
  5079 | D:6      | Shot with an arrow by a centaur

Illustrated notes

Levels and vault maps discovered:
D:1:      roderic_crop_circles_arrival_small, layout_loops_corners,
          hellmonk_ecumenical_altar_pennies_from_heaven
D:2:      layout_basic, uniq_crazy_yiuf_cottage
D:3:      layout_basic
D:4:      layout_rooms, vehumet_altar_wand_db, uniq_ijyb, uniq_grinder
D:5:      layout_cave_pods, uniq_eustachio
D:6:      layout_layer_cave, grunt_temple_overflow_open,
          minmay_temple_entry_large_hall, portal_sewer_entry_e,
          small_statue_intersection, glass_columns_a

Skill      XL: |  1  2  3  4  5  6  7  8 |
---------------+-------------------------+-----
Conjurations   | 4 5 6 |  6.0
Fighting       | 1 2 3 4 |  4.0
Armour         | 1 2 3 4 |  4.0
Dodging        | 2 3 |  3.0
Spellcasting   | 3 5 7 |  7.0
Stealth        | |  2.4

Action                   |  1- 3 |  4- 6 |  7- 9 || total
-------------------------+-------+-------+-------++-------
Melee: Unarmed           |     1 |       |       ||     1
       Short sword       |     3 |       |       ||     3
       Quarterstaff      |     4 |    16 |     5 ||    25
       Punch             |       |       |     1 ||     1
 Fire: Sling             |       |     3 |       ||     3
 Cast: Magic Dart        |    40 |    40 |    27 ||   107
       Searing Ray       |     2 |    13 |    24 ||    39
  Use: Scroll            |       |     4 |     2 ||     6
 Stab: Sleeping          |     1 |       |       ||     1
Armor: Robe              |     4 |     5 |       ||     9
       Leather armour    |       |       |    15 ||    15
       Steam dragon scal |       |       |     3 ||     3
Dodge: Dodged            |     5 |    28 |    36 ||    69
